AoeStats
← Sigfrida

Arabia

510319202Analyzed
1v1 RM · 1d ago on Sep 30, 2026· 31m 54s· 2 players
Game mode
Random Map
Map size
Tiny (2 player)
Population
200
Speed
Normal
Resources
Standard
Victory
Conquest
Starting age
Dark Age
Ending age
Imperial Age
RankedLock teamsTeams togetherTeam positionsShared explorationLock speedFull tech treeHidden civsTurbo modeCheats
Victory
Defeat
🇨🇱 Magyars · Chile
594
+15
🇭🇰 Turks · Hong Kong SAR China
576
-15
SmartKyle
2:33 Loom
12:06 Feudal Age
14:10 Wheelbarrow
16:04 Bloodlines
19:13 Castle Age
24:43 Squires
27:06 Wheelbarrow
Sigfrida
8:33 Loom
11:05 Feudal Age
16:47 Bloodlines
19:06 Wheelbarrow
25:02 Castle Age
23:17 Double-Bit Axe
23:26 Gold Mining
23:29 Stone Mining
24:11 Horse Collar
29:33 Scale Barding Armor
Connection lost

Rejoining the realm…

Still unreachable

The connection could not be restored.

Session expired

The server has moved on; the page needs a fresh start.